 Dungeon Crawl Stone Soup version 0.20-a0-269-g17f5411 (webtiles) character file.

1597 KristoblXynda the Covert (level 8, -3/62 HPs)
             Began as a Naga Conjurer on Dec 8, 2016.
             Was a Priest of Cheibriados.
             Slain by a gnoll sergeant
             ... wielding a +0 spear of venom
              (9 damage)
             ... on level 6 of the Dungeon.
             The game lasted 00:19:53 (5778 turns).

KristoblXynda the Covert (Naga Conjurer)            Turns: 5778, Time: 00:19:55

Health: -3/62      AC: 13    Str: 22    XL:     8   Next: 93%
Magic:  14/14      EV:  9    Int: 30    God:    Cheibriados [***...]
Gold:   315        SH:  0    Dex: 26    Spells: 8/16 levels left

rFire  . . .     SeeInvis +     p - +2 dagger (holy)
rCold  + . .     Gourm    .     l - +2 robe {rC+}
rNeg   . . .     Faith    .     (no shield)
rPois  +         Spirit   .     n - +2 helmet
rElec  .         Reflect  .     j - +2 cloak
rCorr  .         Harm     .     m - +1 pair of gloves
MR     ++...                    (no barding)
Stlth  +++++.....               (no amulet)
                                t - +5 ring of dexterity
                                s - +3 ring of intelligence

@: mighty, lethally poisoned (-3 -> -9), heavily drained, very slow
A: see invisible, agile 1, clever 1, deformed body, magic resistance 1, poison
resistance, screaming 1, slowness 2, slow metabolism 1, spit poison 1, AC +2
a: Spit Poison, Bend Time, Temporal Distortion, Renounce Religion


You were on level 6 of the Dungeon.
You worshipped Cheibriados.
Cheibriados was most pleased with you.
You were not hungry.

You visited 1 branch of the dungeon, and saw 6 of its levels.

You collected 339 gold pieces.
You spent 24 gold pieces at shops.

Inventory:

Hand Weapons
 p - a +2 dagger of holy wrath (weapon)
Armour
 j - a +2 cloak (worn)
 l - a +2 robe of cold resistance (worn)
 m - a +1 pair of gloves (worn)
 n - a +2 helmet (worn)
Jewellery
 s - a +3 ring of intelligence (left hand)
 t - a +5 ring of dexterity (right hand)
Scrolls
 f - a scroll of remove curse
 h - a scroll of fog
 k - a scroll of amnesia
 q - a scroll of enchant armour
Potions
 a - a potion of might
 e - a potion of magic
 r - 2 potions of flight
Books
 b - a book of Conjurations

   Spells                             Type                      Level
   a - Magic Dart                     Conjuration                  1
   b - Searing Ray                    Conjuration                  2
   c - Dazzling Spray                 Conjuration/Hexes            3
   d - Fulminant Prism                Conjuration/Hexes            4
   e - Iskenderun's Mystic Blast      Conjuration                  4
   f - Iskenderun's Battlesphere      Conjuration/Charms           5
Comestibles
 c - 5 bread rations
 d - 3 meat rations
 i - 3 beef jerkies
 o - 5 chunks of flesh


   Skills:
 + Level 1.2(0.0) Short Blades
 - Level 1.5(0.3) Dodging
 - Level 10.0(8.4) Stealth
 + Level 4.6(3.3) Spellcasting
 + Level 7.4(6.0) Conjurations
 - Level 4.3(3.0) Invocations


You had 8 spell levels left.
You knew the following spells:

 Your Spells              Type           Power        Failure   Level  Hunger
a - Magic Dart            Conj           ####         1%          1    None
b - Dazzling Spray        Conj/Hex       ###...       10%         3    ##.....
c - Iskenderun's Mystic   Conj           #####...     8%          4    ####...


Dungeon Overview and Level Annotations

Branches:
Dungeon (6/15)
 Temple: D:4-7

Altars:
Ashenzari
Cheibriados
Dithmenos
Qazlal
Sif Muna
Uskayaw
Xom
Yredelemnul
Zin

Shops:
D:5 *


Innate Abilities, Weirdness & Mutations

You cannot wear boots.
Your serpentine skin is tough. (AC +2)
You have supernaturally acute eyesight. (SInv)
Armour fits poorly on your strangely shaped body.
Your system is resistant to poisons. (rPois)
You cover ground very slowly.
You have a slow metabolism.
You can spit poison.
You are agile. (Dex +2)
Your mind is acute. (Int +2)
You are resistant to hostile enchantments. (MR+)
You occasionally shout uncontrollably at your foes.


Message History

The gnoll hits you but does no damage.
The gnoll sergeant hits you from afar with a spear of venom.
* * * LOW HITPOINT WARNING * * *
You are poisoned.
Unknown command.
Okay, then.
The gnoll shouts!
You puncture the gnoll!
The gnoll is severely wounded.
You feel sick. The gnoll barely misses you.
The gnoll sergeant hits you but does no damage.
You are lethally poisoned!
You puncture the gnoll!
You kill the gnoll!
Cheibriados thoroughly appreciates the change of pace.
Cheibriados raises the support of your attributes as your movement slows.
* * * LOW HITPOINT WARNING * * *
You feel sick.
The gnoll sergeant hits you from afar with a spear of venom!
You die...

##...#..##.###.....#.# #..§
.............#...[.#.# #.#§
###.####.#....#.....#.# #..#
....#..'....#..)..#.######.#
##.#.#..#....#.....#......#.#
#.#.#..#..gg#####.######.#.#
#.#.#..#..Yg# #.#.# #.#.#.....#.#
##+######.#.# #.#.#..#..#@#
#.......#.#.# #+####.#'#..#..#.#
#.......#.#.# ............#.##.#
#.......#.#.#
............#....####.......#.#.#
............#######.........#.#.#
.........#........'....######.#.#
......##.##.#..)..#....######.#.#
......##.##.#..<#.#...........#.#
......##.##.#####.#...#########.#


You could see an ice beast, a gnoll sergeant and 2 gnolls.

Vanquished Creatures
  The ghost of Zebura the Chiller, a novice OpTm (D:4)
  Sigmund (D:2)
  3 ogres
  A phantom (D:4)
  A sky beast (D:4)
  A scorpion (D:5)
  A water moccasin skeleton (D:6)
  A crimson imp (D:6)
  2 hounds (D:5)
  A bullfrog zombie (D:4)
  A centaur skeleton (D:4)
  A gnoll shaman (D:5)
  2 orc wizards (D:3)
  Crazy Yiuf (D:3)
  Jessica (D:2)
  Terence (D:3)
  2 iguanas
  2 worker ants
  Robin (D:2)
  7 gnolls
  5 adders
  2 adder zombies
  2 worms (D:2)
  3 dart slugs
  6 leopard geckos
  13 orcs
  A ball python (D:1)
  7 bats
  2 giant cockroaches
  15 goblins
  7 hobgoblins
  3 jackals (D:4)
  3 frilled lizards
  9 kobolds
  A quokka skeleton (D:4)
  A quokka zombie (D:6)
  7 rats
119 creatures vanquished.

Notes
Turn   | Place    | Note
-------+----------+-------------------------------------------
     0 | D:1      | KristoblXynda the Naga Conjurer began the quest for the Orb.
     0 | D:1      | Reached XP level 1. HP: 15/15 MP: 3/3
   431 | D:1      | Reached XP level 2. HP: 18/22 MP: 5/5
  1553 | D:2      | Noticed Jessica
  1557 | D:2      | Killed Jessica
  1557 | D:2      | Reached skill level 4 in Stealth
  1557 | D:2      | Reached XP level 3. HP: 28/28 MP: 3/6
  1568 | D:2      | Found a glowing silver altar of Zin.
  1568 | D:2      | Found a shimmering altar of Xom.
  1569 | D:2      | Found a hide-covered altar of Uskayaw.
  1691 | D:2      | Noticed Robin
  1716 | D:2      | Reached XP level 4. HP: 7/36 MP: 0/8
  1808 | D:2      | Killed Robin
  1816 | D:2      | Gained mutation: Your mind is acute. (Int +2) [potion of mutation]
  1816 | D:2      | Gained mutation: You are resistant to hostile enchantments. (MR+) [potion of mutation]
  1816 | D:2      | Gained mutation: You occasionally shout uncontrollably at your foes. [potion of mutation]
  1842 | D:2      | Gained mutation: You are agile. (Dex +2) [potion of mutation]
  2062 | D:2      | Learned a level 3 spell: Dazzling Spray
  2067 | D:2      | Learned a level 4 spell: Iskenderun's Mystic Blast
  2164 | D:2      | Found a snail-covered altar of Cheibriados.
  2188 | D:2      | Noticed Sigmund
  2206 | D:2      | HP: 1/36 [hobgoblin (4)]
  2534 | D:2      | Killed Sigmund
  2534 | D:2      | Reached skill level 5 in Stealth
  2534 | D:2      | Reached skill level 5 in Conjurations
  2534 | D:2      | Reached XP level 5. HP: 26/42 MP: 0/10
  2534 | D:2      | Reached XP level 6. HP: 31/49 MP: 0/11
  2739 | D:2      | Became a worshipper of Cheibriados the Contemplative
  2832 | D:2      | Reached skill level 6 in Stealth
  3129 | D:2      | Found a deep blue altar of Sif Muna.
  3135 | D:2      | Found a shattered altar of Ashenzari.
  3135 | D:2      | Found a basalt altar of Yredelemnul.
  3263 | D:3      | Noticed Terence
  3289 | D:3      | Reached * piety under Cheibriados
  3400 | D:3      | Killed Terence
  3551 | D:3      | Found a runed door.
  3697 | D:3      | Noticed Crazy Yiuf
  3702 | D:3      | Killed Crazy Yiuf
  3856 | D:4      | Reached XP level 7. HP: 55/55 MP: 10/13
  3975 | D:4      | Reached skill level 7 in Stealth
  3975 | D:4      | Reached skill level 1 in Invocations
  4099 | D:4      | Noticed Zebura's ghost (novice OpTm)
  4108 | D:4      | Killed Zebura's ghost
  4108 | D:4      | Reached skill level 8 in Stealth
  4124 | D:4      | Reached XP level 8. HP: 57/62 MP: 0/14
  4182 | D:4      | Reached ** piety under Cheibriados
  4489 | D:4      | Reached skill level 9 in Stealth
  4870 | D:5      | Entered Level 5 of the Dungeon
  5104 | D:5      | Found Nuf Rank's General Store.
  5128 | D:5      | Bought a cursed -3 ring of evasion for 24 gold pieces
  5238 | D:5      | Found a stormy altar of Qazlal.
  5476 | D:6      | Reached skill level 10 in Stealth
  5591 | D:6      | Found a shadowy altar of Dithmenos.
  5665 | D:6      | Reached *** piety under Cheibriados
  5665 | D:6      | Reached skill level 1 in Short Blades
  5778 | D:6      | Slain by a gnoll sergeant

Vault maps used:
D:1:      minmay_arrival_wavy_path
D:2:      minitemple, nicolae_overflow_quartered_altars, uniq_jessica,
          uniq_sigmund, uniq_robin
D:3:      first_bread, uniq_terence, uniq_crazy_yiuf_cottage
D:5:      nicolae_overflow_crystal_walls, serial_shops, shop
D:6:      nemelex_xobeh_ov_fountains_minmay, grunt_dithmenos_smoke_and_mirrors

Skill      XL: |  1  2  3  4  5  6  7  8 |
---------------+-------------------------+-----
Stealth        | 4 5 6 8 10 | 10.0
Spellcasting   | 3 4 |  4.6
Conjurations   | 5 6 7 |  7.4
Invocations    | 3 4 |  4.3
Short Blades   | 1 |  1.2
Dodging        | |  1.5

Action                   |  1- 3 |  4- 6 |  7- 9 || total
-------------------------+-------+-------+-------++-------
Melee: Unarmed           |    57 |       |       ||    57
       Dagger            |     7 |    55 |    66 ||   128
 Cast: Magic Dart        |    17 |    89 |   143 ||   249
       Dazzling Spray    |       |     4 |       ||     4
       Iskenderun's Myst |       |       |     2 ||     2
 Abil: Spit Poison       |    12 |    21 |    10 ||    43
  Use: Scroll            |     5 |    10 |     7 ||    22
       Potion            |       |     2 |     7 ||     9
 Stab: Sleeping          |     4 |     1 |     2 ||     7
       Invisible         |       |     1 |       ||     1
  Eat: Chunk             |     2 |     7 |     4 ||    13
Armor: Robe              |     8 |    38 |    86 ||   132
Dodge: Dodged            |    43 |    67 |    80 ||   190
